 Dungeon Crawl Stone Soup version 0.21-a0-426-g98080a9 (webtiles) character file.

6141 karf the Cruncher (level 11, -2/87 HPs)
             Began as a Formicid Fighter on Nov 5, 2017.
             Was a Priest of Okawaru.
             Killed by the air
             ... invoked by Gastronok
              (16 damage)
             ... on level 8 of the Dungeon on Nov 6, 2017.
             The game lasted 00:18:47 (7319 turns).

karf the Cruncher (Formicid Fighter)                Turns: 7319, Time: 00:18:48

Health: -2/87      AC: 12    Str: 23    XL:     11   Next: 13%
Magic:  11/11      EV: 10    Int:  9    God:    Okawaru [***...]
Gold:   404        SH: 11    Dex: 10    Spells: 10/10 levels left

rFire    + . .     SeeInvis +   u - +2 quarterstaff (chaos)
rCold    . . .     Gourm    .   c - +0 shield
rNeg     . . .     Faith    .   b - +0 scale mail
rPois    .         Spirit   .   (helmet unavailable)
rElec    +         Reflect  .   p - +0 cloak
rCorr    +         Harm     .   J - +1 pair of gloves of Knowledge {rElec rCorr}
MR       +....                  (no boots)
Stlth    ..........             (no amulet)
HPRegen  0.24/turn              (no ring)
MPRegen  0.12/turn              B - ring of protection from fire

@: no status effects
A: permanent stasis, dig shafts and tunnels, four strong arms, antennae 3
a: Dig, Shaft Self, Heroism, Renounce Religion


You were on level 8 of the Dungeon.
You worshipped Okawaru.
Okawaru was most pleased with you.
You were not hungry.

You visited 2 branches of the dungeon, and saw 9 of its levels.

You collected 404 gold pieces.

Inventory:

Hand Weapons
 u - a +2 quarterstaff of chaos (weapon)
Armour
 b - a +0 scale mail (worn)
 c - a +0 shield (worn)
 p - a +0 cloak (worn)
 J - the +1 pair of gloves of Knowledge (worn) {rElec rCorr}
   (You found it on level 7 of the Dungeon)

   It insulates you from electricity.
   It protects you from acid and corrosion.
Jewellery
 B - a ring of protection from fire (right hand)
 K - an uncursed ring of ice {unknown}
Wands
 y - a wand of iceblast (5/15)
 A - a wand of flame (23/48)
 I - a wand of paralysis (12/24)
Scrolls
 i - 2 scrolls of recharging {unknown}
 o - 4 scrolls of remove curse
 q - a scroll of fog {unknown}
 s - 4 scrolls of magic mapping {unknown}
 t - 4 scrolls of identify
 w - a scroll of teleportation {unknown}
 x - 2 scrolls of enchant weapon {unknown}
 C - a scroll of enchant armour {unknown}
 E - a scroll of random uselessness {unknown}
 H - a scroll of fear {unknown}
Potions
 d - a potion of might
 e - 2 potions of flight {unknown}
 h - 3 potions of invisibility
 j - 4 potions of brilliance
 l - a potion of ambrosia {unknown}
 m - 2 potions of berserk rage {unknown}
 n - 2 potions of agility {unknown}
 r - a potion of magic {unknown}
 v - a potion of lignification {unknown}
 z - 2 potions of curing
 D - a potion of degeneration {unknown}
 G - 2 potions of mutation {unknown}
Books
 a - Kikubaaqudgha's Guide on Sinister Secrets
   (You found it on level 8 of the Dungeon)

   Spells                             Type                      Level
   a - Pain                           Necromancy                   1
Comestibles
 f - 3 bread rations
 g - 3 royal jellies
 k - 4 meat rations
 F - 4 fruits
 L - 4 chunks of flesh


   Skills:
 + Level 8.7 Fighting
 * Level 10.4 Staves
 + Level 8.7 Armour
 - Level 9.0 Shields


You had 10 spell levels left.
You didn't know any spells.

Dungeon Overview and Level Annotations

Branches:
Dungeon (8/15)             Temple (1/1) D:6
   Lair: D:8-11

Altars:
Ashenzari
Cheibriados
Dithmenos
Elyvilon
Fedhas
Gozag
Hepliaklqana
Kikubaaqudgha
Okawaru
Ru
Sif Muna
Trog
Vehumet
Wu Jian
Zin
The Shining One

Shops:
D:5 }!(   D:6 }

Annotations:
D:8 Gastronok


Innate Abilities, Weirdness & Mutations

You cannot be hasted, slowed, berserked, paralysed or teleported.
You can dig through walls and to a lower floor.
Your four strong arms can wield two-handed weapons with a shield.
You have a pair of large antennae on your head. (SInv)


Message History

You hit Gastronok but do no damage. Gastronok bites you!
* * * LOW HITPOINT WARNING * * *
The gnoll throws a throwing net.
The throwing net hits you.
You become entangled in the net!
Items here: ( )) ? [ †† You struggle against the net.
You struggle against the net.
You struggle against the net.
Gastronok bites you.
* * * LOW HITPOINT WARNING * * *
You struggle against the net.
The gnoll hits you but does no damage.
You shred the net and break free! The gnoll hits you but does no damage.
Gastronok bites you but does no damage.
You sock the gnoll! Lightning courses through the gnoll!
You kill the gnoll!
Okawaru accepts your kill.
Gastronok gurgles, "I'll eat you, I will!"
Gastronok's eyestalks wobble, almost dislodging his wizard hat.
Gastronok waves his eye-stalks in wide circles.
The air twists around and strikes you!
You die...

....... ..... .).
######.####
........#..
######.g#.# ##w#.#
#.#.# .... #@..#
....##### #...#
........# #...#
........# #.#.#
........# #.#.#####
........# #.#.....#
#......# #.#.....#
#<.....####.#.....#
#######.....#.....#


You could see Gastronok and a gnoll.

Vanquished Creatures
  A two-headed ogre (D:8)
  Pikel (D:4)
  2 cyclopes
  Joseph (D:7)
  Sigmund (D:6)
  5 yaks (D:8)
  Grum (D:8)
  Menkaure (D:7)
  Edmund (D:4)
  An orc warrior (D:8)
  A slave (D:4)
  2 sky beasts
  An ice beast (D:8)
  A phantom (D:5)
  4 centaurs
  A wolf (D:8)
  5 ogres
  A big kobold (shapeshifter) (D:7)
  2 bullfrogs
  A wyvern zombie (D:7)
  A howler monkey (D:8)
  2 crimson imps
  4 hounds
  A jelly (D:7)
  2 orc priests
  7 orc wizards
  A bullfrog skeleton (D:6)
  3 iguanas (D:5)
  Crazy Yiuf (D:2)
  Natasha (twice) (D:4)
  4 worker ants
  A killer bee zombie (D:7)
  A hound skeleton (D:5)
  13 gnolls
  8 adders
  A river rat (shapeshifter) (D:7)
  2 oozes (D:5)
  3 adder skeletons
  An adder zombie (D:6)
  3 worms
  3 dart slugs
  3 leopard geckos
  20 orcs
  10 bats
  4 giant cockroaches
  9 goblins
  8 hobgoblins
  10 jackals
  4 quokkas
  A ball python (D:3)
  8 frilled lizards
  2 goblin skeletons (D:6)
  A goblin zombie (D:6)
  A hobgoblin zombie (D:6)
  7 kobolds
  A kobold skeleton (D:6)
  2 orc skeletons (D:6)
  2 orc zombies (D:6)
  A quokka skeleton (D:5)
  6 rats
  A fungus (D:2)
199 creatures vanquished.

Vanquished Creatures (others)
  An ice beast (D:7)
  Natasha (D:4)
  An adder (D:4)
  An ooze (D:4)
4 creatures vanquished.

Grand Total: 203 creatures vanquished

Notes
Turn   | Place    | Note
-------+----------+-------------------------------------------
     0 | D:1      | karf the Formicid Fighter began the quest for the Orb.
     0 | D:1      | Reached XP level 1. HP: 18/18 MP: 1/1
   131 | D:1      | Reached XP level 2. HP: 24/24 MP: 2/2
   184 | D:1      | Reached XP level 3. HP: 17/29 MP: 3/3
  1011 | D:2      | Reached XP level 4. HP: 21/37 MP: 4/4
  1483 | D:2      | Reached XP level 5. HP: 34/42 MP: 5/5
  1490 | D:2      | Reached skill level 3 in Staves
  1653 | D:2      | Found an opulent altar of Gozag.
  2227 | D:2      | Found a runed door.
  2231 | D:2      | Noticed Crazy Yiuf
  2240 | D:2      | Killed Crazy Yiuf
  2240 | D:2      | Reached skill level 5 in Shields
  2582 | D:3      | Reached XP level 6. HP: 48/48 MP: 6/6
  2936 | D:4      | Found a shattered altar of Ashenzari.
  3003 | D:4      | Noticed Edmund
  3026 | D:4      | Killed Edmund
  3026 | D:4      | Reached skill level 4 in Staves
  3026 | D:4      | Reached XP level 7. HP: 28/55 MP: 7/7
  3048 | D:4      | Noticed Pikel
  3060 | D:4      | Killed Pikel
  3060 | D:4      | Reached skill level 5 in Fighting
  3060 | D:4      | Reached skill level 5 in Staves
  3060 | D:4      | Reached skill level 5 in Armour
  3060 | D:4      | Reached XP level 8. HP: 39/62 MP: 8/8
  3316 | D:4      | Noticed Natasha
  3323 | D:4      | Killed Natasha
  3343 | D:4      | Killed Natasha
  3439 | D:4      | Noticed Natasha
  3443 | D:4      | Killed Natasha
  3604 | D:5      | Entered Level 5 of the Dungeon
  3677 | D:5      | Reached skill level 6 in Staves
  3678 | D:5      | Reached XP level 9. HP: 17/69 MP: 9/9
  4265 | D:5      | Found Epteful's Distillery.
  4285 | D:5      | Found Ybbukluz's Antique Weapon Boutique.
  4349 | D:5      | Found Yzanwof's Gadget Shoppe.
  4593 | D:6      | Found Mottuumn's Gadget Shop.
  4638 | D:6      | Found a staircase to the Ecumenical Temple.
  4672 | Temple   | Entered the Ecumenical Temple
  4744 | Temple   | Became a worshipper of Warmaster Okawaru
  4768 | D:6      | Noticed Sigmund
  4776 | D:6      | Killed Sigmund
  4787 | D:6      | Reached skill level 7 in Staves
  4857 | D:6      | Found a glowing golden altar of the Shining One.
  5334 | D:6      | Found a faded altar of an unknown god.
  5334 | D:6      | Found an ornate altar of the Wu Jian Council.
  5339 | D:6      | Found a faded altar of an unknown god.
  5341 | D:6      | Found a glowing golden altar of the Shining One.
  5342 | D:6      | Found a snail-covered altar of Cheibriados.
  5560 | D:7      | Reached * piety under Okawaru
  5566 | D:7      | Noticed a cyclops
  5571 | D:7      | Killed a cyclops
  5571 | D:7      | Reached skill level 8 in Staves
  5571 | D:7      | Reached XP level 10. HP: 47/79 MP: 10/10
  5861 | D:7      | Noticed Menkaure
  5864 | D:7      | Killed Menkaure
  5865 | D:7      | Reached ** piety under Okawaru
  5932 | D:7      | Got a pair of faintly humming gloves
  5938 | D:7      | Identified the +1 pair of gloves of Knowledge {rElec rCorr} (You found it on level 7 of the Dungeon)
  6069 | D:7      | Noticed Joseph
  6160 | D:7      | Killed Joseph
  6160 | D:7      | Reached skill level 9 in Staves
  6604 | D:8      | Noticed Grum
  6622 | D:8      | Killed Grum
  6629 | D:8      | Reached *** piety under Okawaru
  6933 | D:8      | Found a radiant altar of Vehumet.
  6934 | D:8      | Noticed a cyclops
  6957 | D:8      | Killed a cyclops
  6957 | D:8      | Reached skill level 10 in Staves
  6962 | D:8      | Found a deep blue altar of Sif Muna.
  6962 | D:8      | Found an ancient bone altar of Kikubaaqudgha.
  6972 | D:8      | Reached XP level 11. HP: 53/87 MP: 11/11
  7090 | D:8      | Identified Kikubaaqudgha's Guide on Sinister Secrets
  7144 | D:8      | Noticed a two-headed ogre
  7154 | D:8      | Killed a two-headed ogre
  7293 | D:8      | Noticed Gastronok
  7319 | D:8      | Killed from afar by Gastronok

Vault maps used:
D:1:      dpeg_arrival_boxorama
D:2:      grunt_gozag_statues, uniq_crazy_yiuf_cottage
D:4:      nicolae_overflow_crystal_walls, uniq_natasha, uniq_edmund, uniq_pikel
D:5:      serial_shops, nicolae_shop_competitors_out_of_business,
          nicolae_shop_temple_entry_statues_fountains, shop, first_bread
D:6:      chequers_temple_overflow_minitemple, minmay_temple_entry_mist,
          serial_shops, shop, nicolae_tso_besieged_by_evil, uniq_sigmund
D:7:      kennysheep_big_flooded_room, uniq_joseph, uniq_menkaure
D:8:      grunt_temple_overflow_magic_moments, grunt_temple_overflow_open,
          uniq_gastronok, uniq_grum
Temple:   dpeg_three_leaves_temple

Skill      XL: |  1  2  3  4  5  6  7  8  9 10 |
---------------+-------------------------------+-----
Shields        | 4 5 6 7 8 9 |  9.0
Fighting       | 4 5 7 8 |  8.7
Armour         | 4 5 7 8 |  8.7
Staves         | 3 4 5 6 8 10 | 10.4

Action                   |  1- 3 |  4- 6 |  7- 9 | 10-12 || total
-------------------------+-------+-------+-------+-------++-------
Melee: Quarterstaff      |   105 |   214 |   247 |   175 ||   741
Invok: Heroism           |       |       |       |     1 ||     1
 Abil: Dig               |       |     1 |     1 |     1 ||     3
  Use: Scroll            |     3 |       |     1 |       ||     4
       Potion            |       |     1 |     1 |       ||     2
 Stab: Petrifying        |       |     1 |       |     1 ||     2
       Paralysed         |       |       |       |     2 ||     2
       Confused          |       |       |       |     1 ||     1
  Eat: Chunk             |       |     7 |     9 |     6 ||    22
Armor: Scale mail        |    59 |    73 |    72 |    30 ||   234
Dodge: Dodged            |    44 |    46 |    64 |    34 ||   188
Block: Shield            |    70 |   115 |   110 |    79 ||   374

Table legend:
 A = Spawn XP
 B = Non-spawn XP
 C = Spawn XP percentage of total XP
 D = Spawn monster count
 E = Non-spawn monster count
 F = Spawn count percentage of total count
 G = Total turns spent on level
                    A         B        C        D         E        F      G
               +---------+---------+-------+---------+---------+-------+---------
         Total |       0 |    8774 |   0.0 |       0 |     198 |   0.0 |  7319
               +---------+---------+-------+---------+---------+-------+---------
           D:1 |       0 |      50 |   0.0 |       0 |      22 |   0.0 |   969
           D:2 |       0 |     199 |   0.0 |       0 |      35 |   0.0 |  1296
           D:3 |       0 |     201 |   0.0 |       0 |      26 |   0.0 |   653
           D:4 |       0 |     978 |   0.0 |       0 |      12 |   0.0 |   686
           D:5 |       0 |    1021 |   0.0 |       0 |      25 |   0.0 |   985
           D:6 |       0 |     830 |   0.0 |       0 |      29 |   0.0 |   765
           D:7 |       0 |    2064 |   0.0 |       0 |      27 |   0.0 |   860
           D:8 |       0 |    3431 |   0.0 |       0 |      22 |   0.0 |  1020
               +---------+---------+-------+---------+---------+-------+---------
